 Dungeon Crawl Stone Soup version 0.20-a0-924-gfa95efa (webtiles) character file.

5461 Rrauwl the Carver (level 10, -3/66 HPs)
             Began as a Barachi Monk on Mar 27, 2017.
             Was a High Priest of Hepliaklqana.
             Slain by a vampire (6 damage)
             ... on level 10 of the Dungeon.
             The game lasted 00:44:51 (10635 turns).

Rrauwl the Carver (Barachi Monk)                   Turns: 10635, Time: 00:44:51

Health: -3/66      AC:  7    Str: 17    XL:     10   Next: 68%
Magic:  14/14      EV: 19    Int: 12    God:    Hepliaklqana [*****.]
Gold:   583        SH:  0    Dex: 16    Spells: 13/15 levels left

rFire    . . .     SeeInvis .   E - +1 scimitar (freeze)
rCold    . . .     Gourm    .   (no shield)
rNeg     . . .     Faith    .   u - +1 ring mail {rPois}
rPois    +         Spirit   .   (helmet restricted)
rElec    .         Reflect  .   (no cloak)
rCorr    .         Harm     .   (no gloves)
MR       .....                  (no boots)
Stlth    +.........             (no amulet)
Regen    0.3/turn               n - ring of flight
MPRegen  0.2/turn               G - +2 ring of dexterity

@: can't hop, slow
A: +LOS, swims, reduced essence, horns 1, repulsion field 1, slowness 1, strong
1, evolution 1, strong legs 1
a: Hop, Recall Ancestor, Ancestor Identity, Transference, Idealise, Renounce
Religion, Evoke Flight


You were on level 10 of the Dungeon.
You worshipped Hepliaklqana.
Hepliaklqana was extremely pleased with you.
You were not hungry.

You visited 1 branch of the dungeon, and saw 10 of its levels.
You also visited: Sewer.

You collected 583 gold pieces.

Inventory:

Hand Weapons
 e - a +3 hunting sling of flaming
 s - a +1 shortbow of flaming
 E - a +1 scimitar of freezing (weapon)
Missiles
 b - 186 arrows
 j - 16 sling bullets
 o - 156 stones (quivered)
Armour
 u - a +1 ring mail of poison resistance (worn)
Jewellery
 g - an uncursed ring of wizardry
 n - a ring of flight (left hand)
 t - an uncursed ring of poison resistance
 A - an uncursed ring of wizardry
 G - a +2 ring of dexterity (right hand)
Wands
 l - a wand of digging (11/24)
 C - a wand of digging (9/24)
 F - a wand of iceblast (5/15)
 H - a wand of random effects (25/48)
Scrolls
 d - 8 scrolls of teleportation
 f - a scroll of fear
 i - a scroll of blinking
 k - 3 scrolls of identify
 m - 3 scrolls of magic mapping
 q - 5 scrolls of remove curse
 w - a scroll of amnesia
 y - 2 scrolls of immolation
 B - 2 scrolls of enchant armour
Potions
 p - a potion of agility
 r - 2 potions of flight
 z - a potion of heal wounds
Books
 x - a book of Minor Magic

   Spells                             Type                      Level
   a - Magic Dart                     Conjuration                  1
   b - Blink                          Translocation                2
   c - Call Imp                       Summoning                    2
   d - Slow                           Hexes                        2
   e - Conjure Flame                  Conjuration/Fire             3
   f - Mephitic Cloud                 Conjuration/Poison/Air       3
Comestibles
 a - a royal jelly
 c - 6 bread rations
 h - 3 meat rations
 v - 6 fruits
 D - 6 chunks of flesh


   Skills:
 - Level 5.0 Fighting
 - Level 10.0 Long Blades
 - Level 6.2 Slings
 + Level 3.8 Bows
 - Level 5.0 Armour
 + Level 9.4 Dodging
 - Level 2.0 Stealth
 + Level 3.2 Spellcasting
 + Level 3.2 Translocations
 + Level 1.3 Invocations
 - Level 2.0 Evocations


You had 13 spell levels left.
You knew the following spells:

 Your Spells              Type           Power        Failure   Level  Hunger
a - Blink                 Tloc           N/A          17%         2    ###....


Dungeon Overview and Level Annotations

Branches:
Dungeon (10/15)            Temple (0/1) D:4
   Lair: D:8-11         Orc: D:9-12

Altars:
Dithmenos
Elyvilon
Hepliaklqana
Makhleb
Ru
Sif Muna
Wu Jian
Xom
Yredelemnul

Shops:
D:10 :


Innate Abilities, Weirdness & Mutations

Shadows flee at your approach. (+LOS)
You can swim through water.
You cover ground slowly.
You can hop short distances.
Your life essence is reduced. (-10% HP)
You have a pair of small horns on your head.
You are surrounded by a mild repulsion field. (EV +2)
Your muscles are strong. (Str +2)
You evolve.


Message History

Something draws strength from your injuries!
You hit something. Something closely misses you. Something bites you.
Something draws strength from your injuries!
You hit something. You freeze something.
Rick barely misses something.
Unholy energy fills the air.
* * * LOW HITPOINT WARNING * * *
You hit something but do no damage.
Rick casts a spell at something.
Something hits you!
* * * LOW HITPOINT WARNING * * *
Something bites you.
* * * LOW HITPOINT WARNING * * *
Something draws strength from your injuries!
You barely miss something. Your headbutt misses something.
Rick hits something but does no damage.
Something barely misses you. Something closely misses you.
You closely miss something.
Rick hits something with a dagger of draining!
Something hits you.
You die...

####### #.....# ########.#
#.....# ##########(.((....#
####.....# #.................#
.........# #.......(.........#
.........# #......(..........#
.........###.)..[{R............
.........)......@..............
###########....................
..........#..........###.......
..........############.######..
........∩...................#
............................#
#####.....##'####...........#...#
#.....#.....#...........#....
#.....#.....'...........#....


You could see the friendly Rick the hexer.

Vanquished Creatures
  Prince Ribbit (D:6)
  Edmund (D:6)
  Duvessa (D:5)
  Purgy (Sewer)
  2 orc warriors
  An ice beast (D:8)
  2 black bears
  A phantom (D:8)
  A sky beast (D:7)
  4 ogres
  3 centaurs
  A big kobold (D:9)
  5 bullfrogs
  Dowan (D:5)
  A wyvern skeleton (D:10)
  2 scorpions (D:5)
  5 killer bees
  2 howler monkeys (D:8)
  A crimson imp (D:5)
  2 jellies
  7 hounds
  3 orc priests
  4 orc wizards
  A bullfrog skeleton (D:5)
  An iguana (D:5)
  7 worker ants
  2 hound zombies (D:7)
  2 hound skeletons
  2 gnolls (D:5)
  8 adders
  2 shadow imps
  An adder zombie (D:5)
  An ooze (D:3)
  4 worms
  3 dart slugs
  2 leopard geckos
  21 orcs
  8 bats
  8 giant cockroaches
  3 hobgoblins
  4 quokkas
  2 ball pythons
  8 frilled lizards
  7 goblins
  13 kobolds
  7 rats
  4 butterflies (D:5)
173 creatures vanquished.

Vanquished Creatures (collateral kills)
  A cyclops (D:10)
  Grinder (D:6)
  A hippogriff (D:9)
  A wyvern (D:8)
  Menkaure (D:5)
  An orc warrior (D:9)
  An ice beast (D:9)
  A black bear (D:6)
  A centaur (D:7)
  4 bullfrogs
  A bullfrog zombie (D:10)
  An orc priest (D:10)
  2 orc wizards
  3 worker ants
  A hound zombie (D:10)
  3 adders
  A gnoll (D:5)
  11 orcs
  2 giant cockroaches (D:5)
  A bat (Sewer)
  2 kobolds (D:9)
  A quokka skeleton (D:6)
  A butterfly (D:5)
43 creatures vanquished.

Vanquished Creatures (others)
  4 hexers
4 creatures vanquished.

Grand Total: 220 creatures vanquished

Notes
Turn   | Place    | Note
-------+----------+-------------------------------------------
     0 | D:1      | Rrauwl the Barachi Monk began the quest for the Orb.
     0 | D:1      | Reached XP level 1. HP: 18/18 MP: 1/1
   200 | D:1      | Reached XP level 2. HP: 5/25 MP: 2/2
   908 | D:1      | Reached skill level 1 in Armour
   992 | D:2      | Reached XP level 3. HP: 11/30 MP: 3/3
  1492 | D:2      | Reached skill level 4 in Long Blades
  1492 | D:2      | Reached skill level 1 in Slings
  1495 | D:2      | Reached XP level 4. HP: 18/37 MP: 4/4
  2000 | D:3      | Found a faded altar of an unknown god.
  2010 | D:3      | Became a worshipper of Hepliaklqana the Forgotten
  2010 | D:3      | Reached * piety under Hepliaklqana
  2010 | D:3      | Reached ** piety under Hepliaklqana
  2011 | D:3      | Remembered your ancestor Rick as a hexer
  2033 | D:3      | Found a glowing drain.
  2091 | Sewer    | Entered a sewer
  2152 | Sewer    | Noticed Purgy
  2171 | Sewer    | Killed Purgy
  2171 | Sewer    | Reached XP level 5. HP: 9/38 MP: 5/5
  2564 | D:3      | Reached *** piety under Hepliaklqana
  3136 | D:3      | Found a white marble altar of Elyvilon.
  3517 | D:4      | Reached XP level 6. HP: 40/44 MP: 6/6
  3620 | D:4      | Found a staircase to the Ecumenical Temple.
  3977 | D:5      | Entered Level 5 of the Dungeon
  4542 | D:5      | Reached skill level 5 in Fighting
  4552 | D:5      | HP: 2/45 [centaur (7)]
  4553 | D:5      | Reached skill level 5 in Long Blades
  4685 | D:5      | Reached skill level 5 in Dodging
  4685 | D:5      | Reached XP level 7. HP: 24/50 MP: 7/7
  4850 | D:5      | Found a runed door.
  4887 | D:5      | Found a runed door.
  4961 | D:5      | Found a burning altar of Makhleb.
  5005 | D:5      | Noticed Duvessa
  5005 | D:5      | Noticed Dowan
  5021 | D:5      | Killed Duvessa
  5030 | D:5      | Killed Dowan
  5274 | D:5      | Reached **** piety under Hepliaklqana
  5307 | D:5      | Found a sacrificial altar of Ru.
  5323 | D:5      | Reached XP level 8. HP: 55/55 MP: 8/8
  5355 | D:5      | Noticed Menkaure
  5359 | D:5      | Killed Menkaure
  5359 | D:5      | Reached skill level 6 in Long Blades
  5359 | D:5      | Reached skill level 5 in Armour
  5371 | D:5      | Found a shadowy altar of Dithmenos.
  5372 | D:5      | Found a deep blue altar of Sif Muna.
  5891 | D:6      | Noticed Edmund
  5893 | D:6      | Reached skill level 7 in Long Blades
  5961 | D:6      | Killed Edmund
  6064 | D:6      | Reached skill level 5 in Slings
  6143 | D:6      | Noticed Grinder
  6148 | D:6      | Paralysed by Grinder for 4 turns
  6153 | D:6      | Killed Grinder
  6153 | D:6      | Reached skill level 8 in Long Blades
  6153 | D:6      | Reached XP level 9. HP: 46/61 MP: 9/9
  6377 | D:6      | Noticed Prince Ribbit
  6384 | D:6      | Killed Prince Ribbit
  6483 | D:6      | Found a hazy altar of Hepliaklqana.
  6484 | D:6      | Found a shimmering altar of Xom.
  6485 | D:6      | Noticed a spectral ugly thing
  6690 | D:7      | Gained mutation: You have sharp toenails. [potion of mutation]
  6690 | D:7      | Lost mutation: You have sharp toenails. [potion of mutation]
  6690 | D:7      | Gained mutation: You have a pair of small horns on your head. [potion of mutation]
  6722 | D:7      | Gained mutation: You evolve. [mutagenic meat]
  6723 | D:7      | Gained mutation: You are surrounded by a mild repulsion field. (EV +2) [mutagenic meat]
  7444 | D:7      | Reached skill level 9 in Long Blades
  7874 | D:7      | Reached skill level 1 in Bows
  8226 | D:7      | Gained mutation: Your muscles are strong. (Str +2) [evolution]
  8611 | D:8      | Found a basalt altar of Yredelemnul.
  8619 | D:8      | Learned a level 2 spell: Blink
  8776 | D:8      | Reached XP level 10. HP: 63/66 MP: 10/10
  8782 | D:8      | Reached skill level 1 in Translocations
  8785 | D:8      | Reached skill level 1 in Spellcasting
  9016 | D:8      | Found an ornate altar of the Wu Jian Council.
  9802 | D:9      | Reached skill level 10 in Long Blades
  9802 | D:9      | Reached skill level 1 in Evocations
 10047 | D:10     | Entered Level 10 of the Dungeon
 10057 | D:10     | Reached ***** piety under Hepliaklqana
 10337 | D:10     | Noticed a cyclops
 10352 | D:10     | Killed a cyclops
 10352 | D:10     | Reached skill level 1 in Invocations
 10355 | D:10     | Found Lebarufa's Book Shop.
 10633 | D:10     | HP: 3/66 [something (2)]
 10635 | D:10     | Slain by a vampire

Vault maps used:
D:1:      onia_arrival_mini_maze
D:3:      lemuel_coloured_pillars_altar, portal_sewer_entry_d,
          chequers_ecumenical_altar_simple_redux
D:4:      minmay_temple_entry_glassed_door, first_bread
D:5:      lemuel_insect_pit, kennysheep_little_box, lemuel_doored_altar,
          gammafunk_temple_overflow_statue, uniq_duvessa, uniq_menkaure
D:6:      regret_index_temple_of_mockery, uniq_grinder, uniq_prince_ribbit1,
          uniq_edmund
D:8:      yredelemnul_altar_generic, lemuel_crystal_altar
D:10:     serial_shops, shop
Sewer:    kennysheep_door_sewer

Skill      XL: |  1  2  3  4  5  6  7  8  9 10 |
---------------+-------------------------------+-----
Stealth        | 2 |  2.0
Armour         | 1 2 3 4 5 |  5.0
Long Blades    | 4 5 8 9 10 | 10.0
Slings         | 1 2 3 5 6 |  6.2
Fighting       | 4 5 |  5.0
Dodging        | 4 5 7 8 9 |  9.4
Bows           | 2 3 |  3.8
Translocations | 3 |  3.2
Spellcasting   | 3 |  3.2
Evocations     | 2 |  2.0
Invocations    | 1 |  1.3

Action                   |  1- 3 |  4- 6 |  7- 9 | 10-12 || total
-------------------------+-------+-------+-------+-------++-------
Melee: Falchion          |    68 |       |       |       ||    68
       Scimitar          |       |       |       |     6 ||     6
       Headbutt          |       |       |       |     1 ||     1
 Fire: Hunting sling     |    17 |   109 |   310 |   208 ||   644
Invok: Ancestor Life: He |       |     1 |       |       ||     1
       Ancestor Identity |       |     1 |       |       ||     1
       Recall Ancestor   |       |     1 |     1 |     1 ||     3
 Abil: Hop               |       |       |       |     1 ||     1
  Use: Potion            |     1 |     6 |     2 |       ||     9
       Scroll            |       |    12 |     1 |     2 ||    15
 Stab: Sleeping          |     6 |       |       |       ||     6
  Eat: Chunk             |     1 |     7 |    11 |     6 ||    25
       Royal jelly       |     1 |     1 |       |       ||     2
       Fruit             |       |     2 |       |       ||     2
       Bread ration      |       |       |     1 |       ||     1
Armor: Robe              |    18 |     6 |       |       ||    24
       Skin              |       |       |    11 |       ||    11
       Leather armour    |       |       |     4 |       ||     4
       Ring mail         |       |       |    15 |    24 ||    39
Dodge: Dodged            |    60 |    37 |   109 |   104 ||   310
       Rpst.: Falchion   |    23 |       |       |       ||    23
